 Dungeon Crawl Stone Soup version 0.27.1-1-g398f81649c (webtiles) character file.

Game seed: 15493337403538255928

953 eagelman13509 the Firebug (level 8, -2/60 HPs)
             Began as a Gnoll Wanderer on Sept 19, 2021.
             Slain by Crazy Yiuf (12 damage)
             ... on level 4 of the Dungeon.
             The game lasted 00:52:39 (7689 turns).

eagelman13509 the Firebug (Gnoll Wanderer)          Turns: 7689, Time: 00:52:39

Health: -2/60      AC:  9    Str: 15    XL:     8   Next: 14%
Magic:  16/16      EV: 11    Int: 19    God:
Gold:   105        SH:  0    Dex:  9    Spells: 14/18 levels left

rFire    . . .     SeeInvis .   x - +3 mace
rCold    . . .     Faith    .   (no shield)
rNeg     . . .     Spirit   .   b - +0 ring mail
rPois    .         Reflect  .   (no helmet)
rElec    .         Harm     .   (no cloak)
rCorr    .         Rampage  .   (no gloves)
Will     .....                  (no boots)
Stlth    +.........             (no amulet)
HPRegen  0.20/turn              j - +6 ring of intelligence
MPRegen  0.15/turn              w - +4 ring of protection

@: mighty
A: fangs 1, strong nose, distributed training
a: no special abilities


You were on level 4 of the Dungeon.
You visited 1 branch of the dungeon, and saw 4 of its levels.

You collected 105 gold pieces.

Inventory:

Hand Weapons
 d - a +0 whip
 m - a +0 longbow
 o - a +0 flail
 v - a +1 short sword of draining
 x - a +3 mace (weapon)
Missiles
 k - 74 stones
 q - 5 boomerangs
Armour
 b - a +0 ring mail (worn)
Jewellery
 j - a +6 ring of intelligence (left hand)
 p - an amulet of faith
 w - a +4 ring of protection (right hand)
 y - the ring of Recarref {rN++ Str+6}
   (You found it on level 4 of the Dungeon)

   [ring of strength]

   Str:       It affects your strength (+6).
   rN:        It greatly protects you from negative energy.
Scrolls
 a - a scroll of vulnerability {unknown}
 f - a scroll of enchant armour {unknown}
 l - 2 scrolls of summoning {unknown}
 r - 4 scrolls of teleportation {unknown}
 s - a scroll of enchant weapon {unknown}
 u - 2 scrolls of noise {unknown}
Potions
 c - a potion of lignification
 e - a potion of invisibility {unknown}
 g - a potion of curing
 h - 3 potions of attraction
 i - a potion of might
 n - a potion of ambrosia {unknown}
 t - a potion of flight {unknown}
 z - a potion of degeneration {unknown}
 A - a potion of berserk rage {unknown}


   Skills:
 + Level 4.0 Fighting
 + Level 3.0 Short Blades
 + Level 3.0 Long Blades
 + Level 3.0 Axes
 + Level 4.0 Maces & Flails
 + Level 3.0 Polearms
 + Level 3.0 Staves
 + Level 3.0 Slings
 + Level 3.0 Bows
 + Level 3.0 Crossbows
 + Level 4.0 Throwing
 + Level 4.0 Armour
 + Level 3.0 Dodging
 + Level 3.0 Stealth
 + Level 3.0 Shields
 + Level 3.0 Unarmed Combat
 + Level 5.9 Spellcasting
 + Level 2.4 Conjurations
 + Level 2.4 Hexes
 + Level 2.4 Summonings
 + Level 2.4 Necromancy
 + Level 2.4 Translocations
 + Level 2.4 Transmutations
 + Level 6.0 Fire Magic
 + Level 2.4 Ice Magic
 + Level 2.4 Air Magic
 + Level 2.4 Earth Magic
 + Level 2.4 Poison Magic
 + Level 3.3 Invocations
 + Level 4.0 Evocations


You had 14 spell levels left.
You knew the following spells:

 Your Spells              Type           Power      Damage    Failure   Level
a - Magic Dart            Conj           56%        1d5       8%          1
b - Conjure Flame         Conj/Fire      21%        6-21      11%         3

Your spell library contained the following spells:

 Spells                   Type           Power      Damage    Failure   Level
 Blink                    Tloc           N/A        N/A       12%         2
 Call Imp                 Summ           14%        N/A       12%         2
 Slow                     Hex            14%        N/A       12%         2
 Sublimation of Blood     Necr           7%         N/A       12%         2
 Wereblood                Tmut           14%        N/A       12%         2
 Mephitic Cloud           Conj/Pois/Air  14%        N/A       24%         3
 Summon Hydra             Summ           7%         N/A       100%        7


Dungeon Overview and Level Annotations

Branches:
Dungeon (4/15)             Temple (0/1) D:4

Altars:
Ashenzari
Fedhas
Okawaru
Qazlal
Vehumet
Yredelemnul

Shops:
D:3 ?

Annotations:
D:4 Crazy Yiuf


Innate Abilities, Weirdness & Mutations

You have very sharp teeth.
Your uncanny sense of smell can sniff out nearby items.
Your experience applies equally to all skills.


Message History

Crazy Yiuf is heavily wounded.
Crazy Yiuf hits you but does no damage.
You completely miss Crazy Yiuf.
Crazy Yiuf is heavily wounded.
Crazy Yiuf grits, "Citrus pizzabubble snail!"
Crazy Yiuf barely misses you.
You closely miss Crazy Yiuf.
Crazy Yiuf is heavily wounded.
Crazy Yiuf barely misses you.
Crazy Yiuf hits you with a +2 quarterstaff of chaos.
You barely miss Crazy Yiuf.
Crazy Yiuf is heavily wounded.
Crazy Yiuf hits you but does no damage.
You barely miss Crazy Yiuf.
Crazy Yiuf is heavily wounded.
Crazy Yiuf cries, "Mugger!
Ghoul high Hive."
Crazy Yiuf hits you with a +2 quarterstaff of chaos!
Crazy Yiuf burns you.
You barely miss Crazy Yiuf.
Crazy Yiuf is heavily wounded.
Crazy Yiuf screams, "Liver!
Island tired Orb Guardian."
Crazy Yiuf barely misses you.
You barely miss Crazy Yiuf.
Crazy Yiuf is heavily wounded.
Crazy Yiuf hits you with a +2 quarterstaff of chaos.
Crazy Yiuf burns you.
You barely miss Crazy Yiuf.
Crazy Yiuf is heavily wounded.
Crazy Yiuf says, "Mugger!"
Crazy Yiuf hits you with a +2 quarterstaff of chaos.
* * * LOW HITPOINT WARNING * * *
Crazy Yiuf burns you.
* * * LOW HITPOINT WARNING * * *
Crazy Yiuf yells, "Goldfish!"
Crazy Yiuf hits you with a +2 quarterstaff of chaos.
* * * LOW HITPOINT WARNING * * *
Crazy Yiuf draws strength from your wounds!
You feel very mighty all of a sudden.
Crazy Yiuf hits you with a +2 quarterstaff of chaos!
You die...

..................>...'.........'
##....#################.........#
##.#.# ##.......## #.#.######
##### ##.....## #........# #)..#
##...## ###.###### #...# ##'##
#.# ... #.##### #.# #g# #.#....
#####†# ♣@♣♣ ##.#.### ...[..#
♣♣.♣ ##....##. #...### ♣.♣♣
#........ ##...# ♣♣.♣
#####....##. ≈.##.### ♣♣.♣♣
#........... ≈#≈#...## ♣♣)).♣
######...... ≈≈≈≈....# ♣....♣
#...... ≈≈#≈.##.# #....# #.#####
≈≈≈≈≈#..# #...)# #.#


You could see Crazy Yiuf.

Vanquished Creatures
  Sigmund (D:3)
  2 necrophages (D:4)
  A scorpion (D:4)
  A water moccasin zombie (D:4)
  A centaur zombie (D:4)
  A human zombie (D:4)
  3 orc priests
  2 hounds (D:4)
  An orc wizard (D:3)
  A scorpion zombie (D:4)
  A hound zombie (D:4)
  3 gnolls (D:2)
  7 adders
  An ufetubus (D:4)
  5 adder zombies (D:4)
  11 dart slugs
  9 orcs
  8 endoplasms
  4 giant cockroaches
  3 goblins
  10 hobgoblins
  4 jackals (D:4)
  4 quokkas
  7 ball pythons
  9 bats
  4 frilled lizards
  9 kobolds
  8 rats
121 creatures vanquished.

Vanquished Creatures (others)
  A fungus (D:1)
  2 plants (D:1)
3 creatures vanquished.

Grand Total: 124 creatures vanquished

Notes
Turn   | Place    | Note
-------+----------+-------------------------------------------
     0 | D:1      | eagelman13509 the Gnoll Wanderer began the quest for the
                  | Orb.
     0 | D:1      | eagelman13509 set off with the following items: a +0 club,
                  | a +0 ring mail, a potion of lignification; and the
                  | following spell memorised: Magic Dart; and the following
                  | spells available to memorise: Conjure Flame, Blink, Call
                  | Imp, Slow, Mephitic Cloud
     0 | D:1      | Reached XP level 1. HP: 17/17 MP: 6/6
   376 | D:1      | Reached XP level 2. HP: 9/23 MP: 5/7
   930 | D:1      | Reached XP level 3. HP: 28/28 MP: 5/9
  1070 | D:1      | Reached skill level 5 in Spellcasting
  1332 | D:1      | Found a faded altar of an unknown god.
  1473 | D:1      | Learned a level 3 spell: Conjure Flame
  1542 | D:1      | Reached skill level 1 in Invocations
  2098 | D:2      | Reached skill level 1 in Short Blades
  2098 | D:2      | Reached skill level 1 in Long Blades
  2098 | D:2      | Reached skill level 1 in Axes
  2098 | D:2      | Reached skill level 1 in Polearms
  2098 | D:2      | Reached skill level 1 in Staves
  2098 | D:2      | Reached skill level 1 in Slings
  2098 | D:2      | Reached skill level 1 in Bows
  2098 | D:2      | Reached skill level 1 in Crossbows
  2098 | D:2      | Reached skill level 1 in Dodging
  2098 | D:2      | Reached skill level 1 in Stealth
  2098 | D:2      | Reached skill level 1 in Shields
  2098 | D:2      | Reached skill level 1 in Unarmed Combat
  2098 | D:2      | Reached XP level 4. HP: 29/34 MP: 3/11
  2862 | D:2      | Reached skill level 1 in Conjurations
  2862 | D:2      | Reached skill level 1 in Hexes
  2862 | D:2      | Reached skill level 1 in Summonings
  2862 | D:2      | Reached skill level 1 in Necromancy
  2862 | D:2      | Reached skill level 1 in Translocations
  2862 | D:2      | Reached skill level 1 in Transmutations
  2862 | D:2      | Reached skill level 1 in Ice Magic
  2862 | D:2      | Reached skill level 1 in Air Magic
  2862 | D:2      | Reached skill level 1 in Earth Magic
  2862 | D:2      | Reached skill level 1 in Poison Magic
  3158 | D:2      | Reached XP level 5. HP: 5/40 MP: 9/12
  3500 | D:3      | Found an iron altar of Okawaru.
  3766 | D:3      | Found Hyasaveu's Magic Scroll Shoppe.
  3930 | D:3      | Noticed Sigmund
  5051 | D:3      | Killed Sigmund
  5052 | D:3      | Reached XP level 6. HP: 12/47 MP: 14/14
  6065 | D:4      | Reached XP level 7. HP: 38/52 MP: 12/15
  6372 | D:4      | Found a broken altar of Ashenzari.
  6373 | D:4      | Found a stormy altar of Qazlal.
  6375 | D:4      | Found a radiant altar of Vehumet.
  6376 | D:4      | Found a blossoming altar of Fedhas.
  6451 | D:4      | Found a runed translucent door.
  6452 | D:4      | Noticed Crazy Yiuf
  7024 | D:4      | Found a staircase to the Ecumenical Temple.
  7218 | D:4      | Identified the ring of Recarref {rN++ Str+6}
  7440 | D:4      | Found a basalt altar of Yredelemnul.
  7481 | D:4      | Reached skill level 6 in Fire Magic
  7481 | D:4      | Reached XP level 8. HP: 56/60 MP: 16/16
  7689 | D:4      | Slain by Crazy Yiuf

Illustrated notes

Levels and vault maps discovered:
D:1:      arrival_zaba_pyramid, layout_basic,
          shapermc_ecumenical_altar_mp_ritualfount, minmay_statues_item,
          st_stairs_11, minmay_misc_feat_nine_boxes,
          chequers_serial_rivers_small_a, minmay_ruptured
D:2:      layout_loops_cross
D:3:      layout_rooms, nicolae_overflow_crystal_walls, serial_shops, shop,
          uniq_sigmund
D:4:      kennysheep_slugbush, layout_loops_corners, minitemple,
          lemuel_mausoleum_altar_yredelemnul, minmay_temple_entry_grid,
          uniq_crazy_yiuf_cottage

Skill      XL: |  1  2  3  4  5  6  7  8 |
---------------+-------------------------+-----
Spellcasting   | 5 |  5.9
Invocations    | 1 2 3 |  3.3
Short Blades   | 1 2 3 |  3.0
Long Blades    | 1 2 3 |  3.0
Axes           | 1 2 3 |  3.0
Polearms       | 1 2 3 |  3.0
Staves         | 1 2 3 |  3.0
Slings         | 1 2 3 |  3.0
Bows           | 1 2 3 |  3.0
Crossbows      | 1 2 3 |  3.0
Dodging        | 1 2 3 |  3.0
Stealth        | 1 2 3 |  3.0
Shields        | 1 2 3 |  3.0
Unarmed Combat | 1 2 3 |  3.0
Conjurations   | 1 2 |  2.4
Hexes          | 1 2 |  2.4
Summonings     | 1 2 |  2.4
Necromancy     | 1 2 |  2.4
Translocations | 1 2 |  2.4
Transmutations | 1 2 |  2.4
Ice Magic      | 1 2 |  2.4
Air Magic      | 1 2 |  2.4
Earth Magic    | 1 2 |  2.4
Poison Magic   | 1 2 |  2.4
Fighting       | 3 4 |  4.0
Maces & Flails | 3 4 |  4.0
Throwing       | 3 4 |  4.0
Armour         | 3 4 |  4.0
Evocations     | 3 4 |  4.0
Fire Magic     | 6 |  6.0

Action                   |  1- 3 |  4- 6 |  7- 9 || total
-------------------------+-------+-------+-------++-------
Melee: Club              |    52 |       |       ||    52
       Bite              |     4 |    12 |    18 ||    34
       Whip              |    80 |    10 |       ||    90
       Flail             |       |   167 |    48 ||   215
       Mace              |       |       |    88 ||    88
 Cast: Magic Dart        |    59 |   122 |    41 ||   222
       Conjure Flame     |       |     5 |     2 ||     7
  Use: Potion            |       |     4 |     2 ||     6
Armor: Ring mail         |    73 |   112 |    92 ||   277
       Skin              |       |     4 |       ||     4
Dodge: Dodged            |    98 |   115 |    82 ||   295
